 Dungeon Crawl Stone Soup version 0.31-a0-1469-gd420192249 (webtiles) character file.

Game seed: 15490487620320721848

336 Aldia the Grave Robber (level 6, -1/46 HPs)
             Began as a Mummy Necromancer on Dec 28, 2023.
             Slain by a gnoll
             ... wielding a +0 spear
              (8 damage)
             ... on level 4 of the Dungeon.
             The game lasted 00:09:17 (3716 turns).

Aldia the Grave Robber (Mummy Necromancer)          Turns: 3716, Time: 00:09:18

Health: -1/46      AC:  2    Str: 11    XL:     6   Next: 28%
Magic:  11/12      EV: 11    Int: 16    God:
Gold:   217        SH:  4    Dex: 13    Spells: 5/13 levels left

rFire   x . .        d - +1 dagger (venom)
rCold   + . .        i - +0 buckler
rNeg    + + +        a - +0 robe
rPois   ∞            (no helmet)
rElec   .            (no cloak)
rCorr   .            (no gloves)
SInv    .            (no boots)
Will    .....        k - amulet of magic regeneration
Stlth   ++           (no ring)
HPRegen 0.27/turn    (no ring)
MPRegen 0.53/turn

%: faith
@: animating dead (expiring)
A: cold resistance 1, negative energy resistance 3, torment resistance 2, heat
vulnerability 1, in touch with death 1, no potions, faith
a: no special abilities


You were on level 4 of the Dungeon.
You visited 1 branch of the dungeon, and saw 4 of its levels.

You collected 217 gold pieces.

Inventory:

Hand Weapons
 b - a +0 dagger
 d - a +1 dagger of venom (weapon)
Missiles
 h - a throwing net
Armour
 a - a +0 robe (worn)
 i - a +0 buckler (worn)
 m - a +2 scale mail of fire resistance
Jewellery
 k - an amulet of magic regeneration (around neck)
Wands
 j - a wand of mindburst (13)
Scrolls
 c - 2 scrolls of fog
 e - a scroll of vulnerability
 f - a scroll of poison
 l - a scroll of butterflies {unknown}
 n - a scroll of immolation {unknown}
 o - a scroll of enchant armour {unknown}
 p - a scroll of torment {unknown}


   Skills:
 + Level 2.6 Fighting
 - Level 2.3 Dodging
 - Level 1.5 Stealth
 + Level 1.1 Shields
 + Level 4.3 Spellcasting
 * Level 5.7 Necromancy


You had 5 spell levels left.
You knew the following spells:

 Your Spells              Type           Power      Damage    Failure   Level
a - Necrotise             Necr           100%       1d9       2%          1
b - Vampiric Draining     Necr           32%        2d8       7%          3
c - Animate Dead          Necr           32%        N/A       22%         4

Your spell library contained the following spells:

 Spells                   Type           Power      Damage    Failure   Level
 Sandblast                Erth           6%         2d5       24%         1
 Curse of Agony           Necr           32%        N/A       54%         5
 Passwall                 Erth           3%         N/A       56%         3
 Stone Arrow              Conj/Erth      6%         3d7       56%         3
 Brom's Barrelling Bould  Conj/Erth      3%         2d3       93%         4


Dungeon Overview and Level Annotations

Branches:
Dungeon (4/15)
 Temple: D:4-7

Altars:
Sif Muna
Yredelemnul

Annotations:
D:3 2 runed translucent doors, ShellytheWitch's ghost, amateur KoBr


Innate Abilities, Weirdness & Mutations

You are immune to poison.
Your flesh is cold resistant. (rC+)
You are immune to negative energy. (rN+++)
You are immune to unholy pain and torment.
You are vulnerable to heat. (rF-)
You are in touch with the powers of death.
You do not drink.
You have a special connection with the divine. (Faith)


Message History

The gnoll hits you with a +0 halberd!
A gnoll comes into view. It is wielding a +0 club.
You see here a +0 dagger.
Casting: Vampiric Draining (dangerous; 7% risk of failure)
Confirm with . or Enter, or press ? or * to list all spells.
Aiming: Vampiric Draining (dangerous; 7% risk of failure)
Press: ? - help, Shift-Dir - straight line, f - gnoll
Aim: a gnoll, wielding a +0 halberd (ally target)
You feel a surge of power!
You draw life force from the gnoll!
You feel life coursing into your body. The gnoll hits you with a +0 halberd.
The gnoll hits you from afar with a +0 spear!
* * * LOW HITPOINT WARNING * * *
You swap places.
Your orc zombie hits the gnoll but does no damage.
The gnoll misses you.
Unknown command.
Your orc zombie closely misses the gnoll.
The gnoll barely misses your orc zombie.
Unknown command.
Unknown command.
Your orc zombie barely misses the gnoll.
A gnoll comes into view. It is wielding a +0 spear.
The gnoll hits your orc zombie with a +0 halberd!
Your orc zombie is destroyed!
Unknown command.
The gnoll barely misses you.
The gnoll hits you from afar with a +0 spear!
* * * LOW HITPOINT WARNING * * *
The gnoll misses you.
You see here a +0 dagger.
You barely miss the gnoll.
The gnoll is severely wounded.
You block the gnoll's attack. x2
You hit the gnoll.
You kill the gnoll!
The dead are walking!
Your reaping aura is weakening.
You block the gnoll's attack. The gnoll hits you with a +0 spear!
You die...

#### .....
#####
######o.....
###...##
#.Z)@g{g..#
#......##
#.####og#.#
#..##'#..###.#
.# #
##.##.....# #
##...##..###
#.##.....##.#
#.....8.....#
#####...#####
#...#


You could see 3 gnolls, 2 orcs and a friendly gnoll zombie.

Vanquished Creatures
  A scorpion (D:3)
  A hound (D:3)
  Ijyb (D:3)
  12 gnolls
  3 adders
  A dart slug (D:4)
  3 orcs
  2 bats (D:3)
  6 endoplasms
  3 giant cockroaches (D:2)
  3 hobgoblins
  4 jackals (D:2)
  5 kobolds
  3 quokkas
  5 ball pythons
  4 frilled lizards
  8 goblins
  4 rats
69 creatures vanquished.

Vanquished Creatures (collateral kills)
  A gnoll (D:2)
  A dart slug (D:1)
  A goblin (D:2)
  A kobold (D:2)
4 creatures vanquished.

Vanquished Creatures (others)
  A gnoll zombie (D:2)
  An orc zombie (D:4)
2 creatures vanquished.

Grand Total: 75 creatures vanquished

Notes
Turn   | Place    | Note
-------+----------+-------------------------------------------
     0 | D:1      | Aldia the Mummy Necromancer began the quest for the Orb.
     0 | D:1      | Reached XP level 1. HP: 13/13 MP: 4/4
     2 | D:1      | Noticed a felid
     2 | D:1      | Noticed a formicid
     6 | D:1      | Noticed a human
     6 | D:1      | Noticed a troll
     8 | D:1      | Noticed a demonspawn
     8 | D:1      | Noticed a draconian
    10 | D:1      | Noticed an armataur
    12 | D:1      | Noticed an ogre
    12 | D:1      | Noticed a vampire
    14 | D:1      | Noticed a ghoul
    14 | D:1      | Noticed a merfolk
    16 | D:1      | Noticed a minotaur
    16 | D:1      | Noticed a tengu
    18 | D:1      | Noticed a spriggan
    20 | D:1      | Noticed a demigod
    20 | D:1      | Noticed an elf
    22 | D:1      | Noticed an octopode
    22 | D:1      | Noticed a naga
    24 | D:1      | Noticed a gargoyle
    24 | D:1      | Noticed a merfolk
    26 | D:1      | Noticed an ogre
    26 | D:1      | Noticed a ghoul
   437 | D:1      | Reached XP level 2. HP: 20/20 MP: 3/5
   724 | D:1      | Reached skill level 1 in Fighting
   751 | D:1      | Reached XP level 3. HP: 26/26 MP: 5/7
   755 | D:1      | Learned a level 3 spell: Vampiric Draining
  1296 | D:2      | Reached XP level 4. HP: 20/32 MP: 2/9
  1322 | D:2      | HP: 1/32 [gnoll/+0 spear (8)]
  1490 | D:1      | Learned a level 4 spell: Animate Dead
  1901 | D:2      | Reached skill level 5 in Necromancy
  1908 | D:2      | Reached XP level 5. HP: 34/38 MP: 0/10
  2659 | D:3      | Noticed Ijyb
  2668 | D:3      | Killed Ijyb
  2822 | D:3      | Reached XP level 6. HP: 46/46 MP: 9/12
  2880 | D:3      | Found a shimmering blue altar of Sif Muna.
  3231 | D:3      | Found a basalt altar of Yredelemnul.
  3234 | D:3      | Found a large runed translucent door.
  3330 | D:3      | Found a large runed translucent door.
  3334 | D:3      | Noticed ShellytheWitch's ghost (amateur KoBr)
  3585 | D:3      | Reached skill level 1 in Shields
  3716 | D:4      | Slain by a gnoll

Illustrated notes

Levels and vault maps discovered:
D:1:      kb_arrival_jail, layout_basic, dk_noncrumbling_4
D:2:      layout_basic
D:3:      layout_basic, mainiacjoe_overflow_concentric_impassable,
          amcnicky_altar_gilded, ebering_ghost_disaster_area, uniq_ijyb
D:4:      layout_loops_ring, nicolae_dithmenos_shadow_blocks, temple_statues,
          serial_shops, nicolae_shop_real_fake_doors, grunt_ministairs_14

Skill      XL: |  1  2  3  4  5  6 |
---------------+-------------------+-----
Spellcasting   | 3 4 |  4.3
Fighting       | 1 2 |  2.6
Dodging        | 2 |  2.3
Necromancy     | 5 |  5.7
Shields        | 1 |  1.1
Stealth        | |  1.5

Action                     |  1- 3 |  4- 6 || total
---------------------------+-------+-------++-------
  Melee: Dagger            |     4 |    25 ||    29
   Cast: Necrotise         |    44 |    66 ||   110
         Animate Dead      |       |     2 ||     2
         Vampiric Draining |       |     4 ||     4
  Evoke: Wand              |       |     1 ||     1
    Use: Scroll            |     2 |     2 ||     4
   Stab: Sleeping          |       |     1 ||     1
 Armour: Robe              |     8 |    29 ||    37
  Dodge: Dodged            |    11 |    26 ||    37
  Block: Buckler           |       |     5 ||     5

Table legend: (Time is in decaauts)
 A = Elapsed time spent in this place.
 B = Non-inter-level travel time spent in this place.
 C = Inter-level travel time spent in this place.
 D = Time resting spent in this place.
 E = Time spent auto-exploring this place.
 F = Levels seen in this place.
 G = Mean time per level.
                   A        B        C        D        E       F      G
               +--------+--------+--------+--------+--------+-----+--------+
         Total |   3718 |   3528 |    190 |    113 |   2884 |   4 |  929.5 |
       Dungeon |   3718 |   3528 |    190 |    113 |   2884 |   4 |  929.5 |
               +--------+--------+--------+--------+--------+-----+--------+

Top non-repeatable levels by time:
     D:2: 1408 daAuts
     D:1: 1212 daAuts
     D:3: 1025 daAuts
     D:4: 71 daAuts
